 Dungeon Crawl Stone Soup version 0.18-a0-1109-gfc003ac (webtiles) character file.

166 lysy the Firebug (level 5, 0/28 HPs)
             Began as a Deep Elf Fire Elementalist on Jan 16, 2016.
             Slain by a sky beast (1 damage)
             ... on level 3 of the Dungeon.
             The game lasted 00:23:58 (3397 turns).

lysy the Firebug (Deep Elf Fire Elementalist)       Turns: 3397, Time: 00:23:58

Health: 0/28       AC:  5    Str:  5    XL:     5   Next: 22%
Magic:  11/11      EV: 13    Int: 21    God:
Gold:   173        SH:  0    Dex: 15    Spells: 2 memorised, 6 levels left

rFire  + . .     SeeInvis .     p - +0 blowgun
rCold  + . .     Gourm    .     w - +2 robe {rN+}
rNeg   + . .     Faith    .     (no shield)
rPois  +         Spirit   .     (no helmet)
rElec  +         Dismiss  .     n - +0 cloak
rCorr  +         Reflect  .     (no gloves)
SustAt .         Harm     .     (no boots)
MR     .....                    v - amulet of magic regeneration
Stlth  ++........               (no ring)
                                l - ring of poison resistance

@: resistant, flying, very slightly contaminated, not resistant to hostile
enchantments, unstealthy
A: no striking features
a: no special abilities


You were on level 3 of the Dungeon.
You were not hungry.

You visited 1 branch of the dungeon, and saw 3 of its levels.

You collected 173 gold pieces.


   Skills:
 - Level 2.4 Dodging
 - Level 2.4 Stealth
 + Level 3.1 Spellcasting
 + Level 4.1 Conjurations
 - Level 5.0 Fire Magic


You had 6 spell levels left.
You knew the following spells:

 Your Spells              Type           Power        Failure   Level  Hunger
z - Flame Tongue          Conj/Fire      ###..        1%          1    None
Z - Conjure Flame         Conj/Fire      ###.....     10%         3    ###....

Inventory:

Hand Weapons
 d - a +2 dagger of flaming
 p - a +0 blowgun (weapon)
Missiles
 e - 79 stones
 i - 7 poisoned needles (quivered)
 q - 2 silver javelins
Armour
 a - a +0 robe
 m - a +0 buckler
 n - a +0 cloak (worn)
 w - a +2 robe of positive energy (worn)
Jewellery
 l - a ring of poison resistance (left hand)
 v - an amulet of magic regeneration (around neck)
Wands
 g - a wand of fireball (10/15)
Scrolls
 u - 3 scrolls of remove curse
 x - a scroll of teleportation {unknown}
 y - a scroll of noise {unknown}
Potions
 h - a potion of agility
 j - a potion of curing {unknown}
 o - a potion of invisibility {unknown}
 r - a potion of magic
 t - a potion of flight
 z - a potion of cure mutation {unknown}
Books
 b - a book of Flames

   Spells                             Type                      Level
   a - Flame Tongue                   Conjuration/Fire             1
   b - Throw Flame                    Conjuration/Fire             2
   c - Conjure Flame                  Conjuration/Fire             3
   d - Inner Flame                    Hexes/Fire                   3
   e - Sticky Flame                   Conjuration/Fire             4
   f - Fireball                       Conjuration/Fire             5
Comestibles
 c - 4 bread rations
 f - 2 chunks of flesh
 k - 2 meat rations

Dungeon Overview and Level Annotations

Branches:
Dungeon (3/15)

Altars:
Ashenzari

▒▒.....▒▒▒▒ ▒..)▒▒▒▒▒▒▒▒.▒
▒........(▒▒▒....†.......▒
.....▒▒†▒...▒▒▒..▒▒▒▒▒▒▒▒▒▒
▒.▒▒. ▒...........▒ ▒
▒.▒▒▒▒(..▒▒▒...▒▒▒▒
▒.(†....▒▒..........
▒(▒▒▒▒▒.▒▒.▒...▒▒▒▒▒
▒.▒▒.▒...▒ ▒e▒▒.▒...▒
▒.▒▒.▒...▒ ▒▒▒▒.▒▒.▒......▒
..............<▒
▒▒▒▒.▒▒▒.).▒.>....
▒...▒▒▒▒▒▒▒ ▒▒..▒
▒..▒▒▒▒..▒▒▒▒▒▒.
▒......÷))......


There were no monsters in sight!


Message History

You are very lightly contaminated with residual magic.
Your skin tingles.
Something hits you but does no damage.
You don't know that spell.
Aiming: Conjure Flame You see a ghostly outline there, and the spell fizzles.
Something hits you. Something shocks you.
Firing (i - inventory. (,) - cycle):
i - 8 poisoned needles (quivered)
You shoot a poisoned needle. Something hits you. Something shocks you.
* * * LOW HITPOINT WARNING * * *
Drink which item? (? for menu, Esc to quit)
Okay, then.
Drink which item? (? for menu, Esc to quit)
It was a potion of magic.
Magic courses through your body. Something hits you.
* * * LOW HITPOINT WARNING * * *
Something shocks you.
* * * LOW HITPOINT WARNING * * *
Aiming: Conjure Flame
Okay, then.
Drink which item? (? for menu, Esc to quit)
It was a potion of flight.
You feel very buoyant.
You fly up into the air.
Something hits you but does no damage.
Unknown command.
Drink which item? (? for menu, Esc to quit)
It was a potion of resistance.
You feel protected. Something hits you.
* * * LOW HITPOINT WARNING * * *
Something shocks you. You resist.
You die...

Action                   |  1- 3 |  4- 6 || total
-------------------------+-------+-------++-------
Melee: Dagger            |    46 |     8 ||    54
 Fire: Blowgun           |       |    20 ||    20
Throw: Stone             |    30 |     4 ||    34
       Javelin           |    15 |    16 ||    31
 Cast: Flame Tongue      |    44 |    36 ||    80
       Conjure Flame     |       |     5 ||     5
  Use: Scroll            |       |     5 ||     5
       Potion            |       |     3 ||     3
 Stab: Sleeping          |     3 |     5 ||     8
  Eat: Chunk             |     3 |     3 ||     6
       Beef jerky        |       |     1 ||     1

Vault maps used:
D:1:      dpeg_arrival_signposts, minmay_misc_feat_x, ashenzari_altar_1
D:2:      first_bread

Notes
Turn   | Place    | Note
--------------------------------------------------------------
     0 | D:1      | lysy the Deep Elf Fire Elementalist began the quest for the Orb.
     0 | D:1      | Reached XP level 1. HP: 10/10 MP: 6/6
   380 | D:1      | Reached XP level 2. HP: 15/15 MP: 6/8
   381 | D:1      | Reached skill level 2 in Conjurations
   420 | D:1      | Found a shattered altar of Ashenzari.
   635 | D:1      | Reached skill level 4 in Fire Magic
   643 | D:1      | Reached XP level 3. HP: 11/19 MP: 1/9
  1835 | D:2      | Reached skill level 3 in Conjurations
  1865 | D:2      | Learned a level 3 spell: Conjure Flame
  2100 | D:2      | Reached XP level 4. HP: 24/24 MP: 10/10
  3120 | D:3      | Reached skill level 4 in Conjurations
  3120 | D:3      | Reached skill level 5 in Fire Magic
  3120 | D:3      | Reached XP level 5. HP: 28/28 MP: 1/11
  3381 | D:3      | Noticed a sky beast
  3397 | D:3      | Identified a potion of resistance
  3397 | D:3      | HP: 1/28 [something (2)]
  3397 | D:3      | Slain by a sky beast

Vanquished Creatures
  An orc wizard (D:3)
  5 adders
  An ooze (D:2)
  3 worms
  A giant gecko (D:3)
  6 orcs (D:3)
  2 giant cockroaches
  9 goblins
  8 hobgoblins
  10 jackals
  A ball python (D:2)
  8 bats
  3 giant newts
  7 kobolds
  11 rats
76 creatures vanquished.
